 Dungeon Crawl Stone Soup version 0.21.1-1-g345015f (webtiles) character file.

230 Kelzor the Skirmisher (level 5, 0/46 HPs)
             Began as a Draconian Berserker on May 3, 2018.
             Was a Priest of Trog.
             Slain by an iguana (1 damage)
             ... on level 4 of the Dungeon.
             The game lasted 00:14:56 (2249 turns).

Kelzor the Skirmisher (Draconian Berserker)         Turns: 2249, Time: 00:14:57

Health: 0/46       AC:  5    Str: 19    XL:     5   Next: 72%
Magic:  5/5        EV:  9    Int:  7    God:    Trog [***...]
Gold:   155        SH: 13    Dex: 12    Spells: 4/4 levels left

rFire    + . .     SeeInvis .   g - +0 spear
rCold    + . .     Gourm    .   e - +0 large shield
rNeg     + . .     Faith    .   (armour unavailable)
rPois    +         Spirit   .   (helmet restricted)
rElec    +         Reflect  .   (no cloak)
rCorr    +         Harm     .   (no gloves)
MR       .....                  (no boots)
Stlth    +.........             (no amulet)
HPRegen  0.15/turn              r - +1 ring of slaying
MPRegen  0.09/turn              y - ring of positive energy

@: resistant
A: unfitting armour, cold-blooded, AC +5
a: Berserk, Trog's Hand, Burn Spellbooks, Renounce Religion


You were on level 4 of the Dungeon.
You worshipped Trog.
Trog was most pleased with you.
You were not hungry.

You visited 1 branch of the dungeon, and saw 4 of its levels.

You collected 155 gold pieces.

Inventory:

Hand Weapons
 a - a +0 hand axe
 g - a +0 spear (weapon)
 m - a +0 whip
Missiles
 h - 5 stones (quivered)
 l - 8 bolts
 n - 6 needles of confusion
 v - 15 sling bullets
Armour
 e - a +0 large shield (worn)
 i - a +0 leather armour
 j - a +0 plate armour
Jewellery
 r - a +1 ring of slaying (left hand)
 y - a ring of positive energy (right hand)
Scrolls
 d - 2 scrolls of identify {unknown}
 f - 3 scrolls of remove curse {unknown}
 q - a scroll of blinking {unknown}
 t - a scroll of random uselessness {unknown}
 u - 2 scrolls of fear {unknown}
 w - a scroll of teleportation {unknown}
 x - a scroll of immolation {unknown}
Potions
 c - 3 potions of brilliance {unknown}
 p - a potion of lignification {unknown}
 s - a potion of heal wounds {unknown}
 z - a potion of mutation {unknown}
Comestibles
 b - 2 rations


   Skills:
 + Level 4.2 Fighting
 + Level 3.3(3.8) Axes
 + Level 2.5(3.4) Polearms
 + Level 3.8 Dodging
 + Level 0.1 Stealth
 + Level 2.4 Shields


You had 4 spell levels left.
You didn't know any spells.

Dungeon Overview and Level Annotations

Branches:
Dungeon (4/15)
 Temple: D:4-7

Altars:
Dithmenos
Kikubaaqudgha
Trog
Uskayaw


Innate Abilities, Weirdness & Mutations

Your plain brown scales are hard. (AC +5)
You cannot fit into any form of body armour.
You are cold-blooded and may be slowed by cold attacks.


Message History

You hit the iguana but do no damage. You block the iguana's attack.
The orc priest hits you with a hand axe.
* * * LOW HITPOINT WARNING * * *
Your shield prevents you from hitting the iguana.
You block the iguana's attack.
The orc priest hits you but does no damage.
You closely miss the iguana. You block the iguana's attack.
The orc priest looks satisfied for a moment.
You barely miss the iguana. You block the iguana's attack.
You block the orc priest's attack.
It was a potion of resistance.
You feel protected. You block the iguana's attack.
The orc priest hits you with a hand axe.
* * * LOW HITPOINT WARNING * * *
You are too injured to fight recklessly!
You are too injured to fight recklessly!
It was a potion of magic.
Magic courses through your body. The iguana bites you.
You die...

..#.####.........#
#.#.# #.........#
#.†.####........##
#......'.........#
##.#####.....###.#
#.# #.....# #.#
..# #.....# #.#
#### #.....# #l#
####### #@# #o#
#.. ####


You could see an iguana and an orc priest.

Vanquished Creatures
  A howler monkey (D:4)
  A bullfrog skeleton (D:4)
  Natasha (twice) (D:2)
  An adder (D:2)
  An ooze (D:2)
  2 worms
  4 dart slugs
  2 leopard geckos (D:3)
  6 orcs (D:3)
  5 giant cockroaches
  12 goblins
  11 hobgoblins
  3 quokkas
  2 ball pythons
  7 bats
  2 frilled lizards
  6 kobolds
  5 rats
  2 fungi (D:1)
75 creatures vanquished.

Notes
Turn   | Place    | Note
-------+----------+-------------------------------------------
     0 | D:1      | Kelzor the Draconian Berserker began the quest for the Orb.
     0 | D:1      | Reached XP level 1. HP: 19/19 MP: 1/1
   222 | D:1      | Reached XP level 2. HP: 21/26 MP: 2/2
   763 | D:1      | Reached ** piety under Trog
   895 | D:2      | Reached XP level 3. HP: 32/33 MP: 3/3
  1098 | D:2      | Reached skill level 1 in Polearms
  1163 | D:2      | Reached skill level 1 in Shields
  1265 | D:2      | Reached XP level 4. HP: 12/40 MP: 4/4
  1345 | D:2      | Noticed Natasha
  1353 | D:2      | Killed Natasha
  1353 | D:2      | Reached skill level 4 in Fighting
  1407 | D:2      | Noticed Natasha
  1425 | D:2      | Killed Natasha
  1515 | D:3      | Reached *** piety under Trog
  1598 | D:3      | Found an ancient bone altar of Kikubaaqudgha.
  1632 | D:3      | Reached XP level 5. HP: 41/46 MP: 5/5
  1704 | D:3      | Found a bloodstained altar of Trog.
  1950 | D:3      | Noticed a dagger
  1952 | D:3      | Found a hide-covered altar of Uskayaw.
  1955 | D:3      | Noticed a dagger
  2171 | D:4      | Found a shadowy altar of Dithmenos.
  2224 | D:4      | Noticed an ogre
  2248 | D:4      | HP: 1/46 [orc priest/hand axe (3)]
  2249 | D:4      | Slain by an iguana

Skill      XL: |  1  2  3  4  5 |
---------------+----------------+-----
Dodging        | 3 |  3.8
Polearms       | 1 2 |  2.5
Shields        | 1 2 |  2.4
Fighting       | 4 |  4.2
Axes           | |  3.3
Stealth        | |  0.1

Action                   |  1- 3 |  4- 6 || total
-------------------------+-------+-------++-------
Melee: Spear             |   192 |   142 ||   334
       Tailslap          |    23 |    15 ||    38
  Use: Potion            |       |     2 ||     2
  Eat: Ration            |     1 |     1 ||     2
Armor: Skin              |    28 |    29 ||    57
Dodge: Dodged            |    46 |    32 ||    78
Block: Large shield      |    97 |    93 ||   190
